| TOP OF THE 1ST |
|
Indianapolis Indians batting - Pitching for Colorado Springs Sky Sox : LHP Mario Castro
|
|
Pitching: LHP Mario Castro
|
|
|
Batting: RHB Kirk Seiffert
|
0-0: Called Strike 0-1: Ground out 5-3 (Groundball, 56S, EV 91.9 MPH)
|
|
Batting: RHB David Contreras
|
0-0: Swinging Strike 0-1: Ball 1-1: Foul Ball, location: 2F 1-2: Ball 2-2: Ball 3-2: Foul Ball, location: 2F 3-2: Base on Balls
|
|
Batting: RHB Mike Cochran
|
0-0: Ball 1-0: Called Strike 1-1: Ball 2-1: Called Strike 2-2: Foul Ball, location: 2F 2-2: Grounds into double play, 6-4-3 (Groundball, 6, EV 83.8 MPH)
|
| Top of the 1st over - 0 runs, 0 hits, 0 errors, 0 left on base; Indianapolis 0 - Colorado Springs 0 |
| BOTTOM OF THE 1ST |
|
Colorado Springs Sky Sox batting - Pitching for Indianapolis Indians : RHP Walt Quinn
|
|
Pitching: RHP Walt Quinn
|
|
|
Batting: RHB Kennet Strijbis
|
0-0: Bunt - Flyout to 15S! F1
|
|
Batting: RHB George Lundy
|
0-0: Ball 1-0: Foul Ball, location: 2F 1-1: Foul Ball, location: 2F 1-2: Ball 2-2: DOUBLE (Line Drive, 89D, EV 104.4 MPH)
|
|
Batting: LHB Tony Ponce
|
0-0: Fly out, F7 (Line Drive, 7, EV 110.6 MPH)
|
|
Batting: RHB Devine Adams
|
0-0: Ground out 5-3 (Groundball, 56, EV 101.3 MPH)
|
| Bottom of the 1st over - 0 runs, 1 hit, 0 errors, 1 left on base; Indianapolis 0 - Colorado Springs 0 |
| TOP OF THE 2ND |
|
Indianapolis Indians batting - Pitching for Colorado Springs Sky Sox : LHP Mario Castro
|
|
Batting: LHB Pat Sutton
|
0-0: Called Strike 0-1: Foul Ball, location: 2F 0-2: Foul Ball, location: 2F 0-2: Strikes out swinging
|
|
Batting: LHB Marc Carter
|
0-0: Ball 1-0: Called Strike 1-1: Ball 2-1: DOUBLE (Line Drive, 78D, EV 109.4 MPH)
|
|
Batting: RHB Bubba Tierney
|
0-0: Ball 1-0: Ball 2-0: Foul Ball, location: 2F 2-1: Foul Ball, location: 2F 2-2: Ball 3-2: SINGLE (Line Drive, 6D, EV 97.5 MPH) Marc Carter to third
|
|
Batting: SHB Ben Myers
|
0-0: Ball 1-0: Called Strike 1-1: Ball 2-1: Called Strike 2-2: Ball 3-2: Foul Ball, location: 2F 3-2: Foul Ball, location: 2F 3-2: Foul Ball, location: 2F 3-2: Fly out, F9 (Flyball, 9, EV 93.8 MPH)
|
|
Batting: LHB Jorge Quintana
|
0-0: Called Strike 0-1: Ball 1-1: Fly out, F9 (Flyball, 9, EV 78.8 MPH)
|
| Top of the 2nd over - 0 runs, 2 hits, 0 errors, 2 left on base; Indianapolis 0 - Colorado Springs 0 |
| BOTTOM OF THE 2ND |
|
Colorado Springs Sky Sox batting - Pitching for Indianapolis Indians : RHP Walt Quinn
|
|
Batting: RHB Bobby Bowman
|
0-0: Swinging Strike 0-1: Foul Ball, location: 2F 0-2: Foul Ball, location: 2F 0-2: Foul Ball, location: 2F 0-2: Ball 1-2: Ground out 4-3 (Groundball, 4, EV 80.6 MPH)
|
|
Batting: RHB Orlando Fernandez
|
0-0: Ball 1-0: Ball 2-0: Called Strike 2-1: Called Strike 2-2: Strikes out swinging
|
|
Batting: RHB Dwane Reed
|
0-0: Foul Ball, location: 2F 0-1: Ground out 6-3 (Groundball, 6D, EV 101.9 MPH)
|
| Bottom of the 2nd over - 0 runs, 0 hits, 0 errors, 0 left on base; Indianapolis 0 - Colorado Springs 0 |
| TOP OF THE 3RD |
|
Indianapolis Indians batting - Pitching for Colorado Springs Sky Sox : LHP Mario Castro
|
|
Batting: RHB Ramon Morales
|
0-0: Ball 1-0: Ground out 5-3 (Groundball, 56, EV 91.3 MPH)
|
|
Batting: RHB Kirk Seiffert
|
0-0: Called Strike 0-1: Fly out, F8 (Flyball, 8RXD, EV 105.0 MPH)
|
|
Batting: RHB David Contreras
|
0-0: Ball 1-0: DOUBLE (Line Drive, 89XD, EV 111.9 MPH)
|
|
Batting: RHB Mike Cochran
|
0-0: Called Strike 0-1: Ball 1-1: Called Strike 1-2: Ground out 4-3 (Groundball, 4, EV 100.6 MPH)
|
| Top of the 3rd over - 0 runs, 1 hit, 0 errors, 1 left on base; Indianapolis 0 - Colorado Springs 0 |
| BOTTOM OF THE 3RD |
|
Colorado Springs Sky Sox batting - Pitching for Indianapolis Indians : RHP Walt Quinn
|
|
Batting: RHB Fu-Kang Duan
|
0-0: Ground out 6-3 (Groundball, 56, EV 103.8 MPH)
|
|
Batting: RHB Colin Lord
|
0-0: Ball 1-0: Ball 2-0: Ball 3-0: Called Strike 3-1: Fly out, F9 (Line Drive, 9S, EV 107.5 MPH)
|
|
Batting: RHB Kennet Strijbis
|
0-0: Foul Ball, location: 2F 0-1: Swinging Strike 0-2: Foul Ball, location: 2F 0-2: Ball 1-2: Strikes out looking
|
| Bottom of the 3rd over - 0 runs, 0 hits, 0 errors, 0 left on base; Indianapolis 0 - Colorado Springs 0 |
| TOP OF THE 4TH |
|
Indianapolis Indians batting - Pitching for Colorado Springs Sky Sox : LHP Mario Castro
|
|
Batting: LHB Pat Sutton
|
0-0: Ball 1-0: Ball 2-0: Called Strike 2-1: Swinging Strike 2-2: Strikes out swinging
|
|
Batting: LHB Marc Carter
|
0-0: Ball 1-0: Called Strike 1-1: Ball 2-1: Ground out 1-3 (Groundball, 13S, EV 69.4 MPH)
|
|
Batting: RHB Bubba Tierney
|
0-0: Swinging Strike 0-1: Ball 1-1: Foul Ball, location: 2F 1-2: Strikes out swinging
|
| Top of the 4th over - 0 runs, 0 hits, 0 errors, 0 left on base; Indianapolis 0 - Colorado Springs 0 |
| BOTTOM OF THE 4TH |
|
Colorado Springs Sky Sox batting - Pitching for Indianapolis Indians : RHP Walt Quinn
|
|
Batting: RHB George Lundy
|
0-0: Swinging Strike 0-1: Ground out 5-3 (Groundball, 56, EV 87.5 MPH)
|
|
Batting: LHB Tony Ponce
|
0-0: Called Strike 0-1: Ball 1-1: Ball 2-1: Ball 3-1: Ground out 3-1 (Groundball, 34S, EV 87.5 MPH)
|
|
Batting: RHB Devine Adams
|
0-0: Ball 1-0: Ball 2-0: SINGLE (Groundball, 56D, EV 95.0 MPH)
|
|
Batting: RHB Bobby Bowman
|
0-0: Called Strike 0-1: Called Strike 0-2: Ball 1-2: Ball Devine Adams steals 2nd base 2-2: Foul Ball, location: 2F 2-2: Strikes out swinging
|
| Bottom of the 4th over - 0 runs, 1 hit, 0 errors, 1 left on base; Indianapolis 0 - Colorado Springs 0 |
| TOP OF THE 5TH |
|
Indianapolis Indians batting - Pitching for Colorado Springs Sky Sox : LHP Mario Castro
|
|
Batting: SHB Ben Myers
|
0-0: Foul Ball, location: 2F 0-1: Called Strike 0-2: Ball 1-2: Strikes out swinging
|
|
Batting: LHB Jorge Quintana
|
0-0: Ball 1-0: Foul Ball, location: 2F 1-1: Ball 2-1: Ball 3-1: Base on Balls
|
|
Batting: RHB Ramon Morales
|
0-0: Called Strike 0-1: Swinging Strike 0-2: Ball 1-2: Ground out 5-3 (Groundball, 5L, EV 103.1 MPH) Jorge Quintana to second
|
|
Batting: RHB Kirk Seiffert
|
0-0: Ground out 4-3 (Groundball, 4, EV 82.5 MPH)
|
| Top of the 5th over - 0 runs, 0 hits, 0 errors, 1 left on base; Indianapolis 0 - Colorado Springs 0 |
| BOTTOM OF THE 5TH |
|
Colorado Springs Sky Sox batting - Pitching for Indianapolis Indians : RHP Walt Quinn
|
|
Batting: RHB Orlando Fernandez
|
0-0: Fly out, F9 (Flyball, 9LM, EV 85.6 MPH)
|
|
Batting: RHB Dwane Reed
|
0-0: Called Strike 0-1: Ball 1-1: Ball 2-1: Fly out, F8 (Flyball, 89M, EV 78.1 MPH)
|
|
Batting: RHB Fu-Kang Duan
|
0-0: Ball 1-0: Swinging Strike 1-1: Swinging Strike 1-2: Foul Ball, location: 2F 1-2: Strikes out swinging
|
| Bottom of the 5th over - 0 runs, 0 hits, 0 errors, 0 left on base; Indianapolis 0 - Colorado Springs 0 |
| TOP OF THE 6TH |
|
Indianapolis Indians batting - Pitching for Colorado Springs Sky Sox : LHP Mario Castro
|
|
Batting: RHB David Contreras
|
0-0: Called Strike 0-1: Swinging Strike 0-2: Ball 1-2: Foul Ball, location: 2F 1-2: Ball 2-2: Foul Ball, location: 2F 2-2: SINGLE (Groundball, 56S, EV 74.4 MPH) (infield hit)
|
|
Batting: RHB Mike Cochran
|
0-0: Ball 1-0: Called Strike David Contreras is caught stealing 2nd base 2-4 1-1: Foul Ball, location: 2F 1-2: Ball 2-2: SOLO HOME RUN (Flyball, 78XD, EV 101.9 MPH), Distance : 403 ft
|
|
Pitching: RHP Dustin Deemer
|
|
|
Batting: LHB Pat Sutton
|
0-0: Called Strike 0-1: Called Strike 0-2: SOLO HOME RUN (Flyball, 9LD, EV 91.9 MPH), Distance : 359 ft
|
|
Batting: LHB Marc Carter
|
0-0: Fly out, F5 (Popup, 6S, EV 66.3 MPH)
|
|
Batting: RHB Bubba Tierney
|
0-0: Fly out, F5 (Popup, 5, EV 80.0 MPH)
|
| Top of the 6th over - 2 runs, 3 hits, 0 errors, 0 left on base; Indianapolis 2 - Colorado Springs 0 |
| BOTTOM OF THE 6TH |
|
Colorado Springs Sky Sox batting - Pitching for Indianapolis Indians : RHP Walt Quinn
|
|
Batting: RHB Colin Lord
|
0-0: Ball 1-0: Foul Ball, location: 2F 1-1: Fly out, F7 (Flyball, 7, EV 87.5 MPH)
|
|
Batting: RHB Kennet Strijbis
|
0-0: Ball 1-0: Swinging Strike 1-1: Ball 2-1: Ground out 5-3 (Groundball, 5S, EV 78.8 MPH)
|
|
Batting: RHB George Lundy
|
0-0: Ball 1-0: Swinging Strike 1-1: Ball 2-1: Ball 3-1: Called Strike 3-2: Foul Ball, location: 2F 3-2: Strikes out swinging
|
| Bottom of the 6th over - 0 runs, 0 hits, 0 errors, 0 left on base; Indianapolis 2 - Colorado Springs 0 |
| TOP OF THE 7TH |
|
Indianapolis Indians batting - Pitching for Colorado Springs Sky Sox : RHP Dustin Deemer
|
|
Batting: SHB Ben Myers
|
0-0: Fly out, F9 (Flyball, 89D, EV 88.1 MPH)
|
|
Batting: LHB Jorge Quintana
|
0-0: Ball 1-0: Called Strike 1-1: Foul Ball, location: 2F 1-2: Ball 2-2: Foul Ball, location: 2F 2-2: Strikes out swinging
|
|
Batting: RHB Ramon Morales
|
0-0: Called Strike 0-1: Ball 1-1: Called Strike 1-2: Ball 2-2: Foul Ball, location: 2F 2-2: Strikes out swinging
|
| Top of the 7th over - 0 runs, 0 hits, 0 errors, 0 left on base; Indianapolis 2 - Colorado Springs 0 |
| BOTTOM OF THE 7TH |
|
Colorado Springs Sky Sox batting - Pitching for Indianapolis Indians : RHP Walt Quinn
|
|
Batting: LHB Tony Ponce
|
0-0: Ball 1-0: Ball 2-0: Called Strike 2-1: Ball 3-1: Base on Balls
|
|
Batting: RHB Devine Adams
|
0-0: Ball 1-0: Called Strike 1-1: Foul Ball, location: 2F 1-2: Fly out, F8 (Line Drive, 8LM, EV 96.9 MPH)
|
|
Pitching: RHP Robby Granados
|
|
|
Batting: RHB Bobby Bowman
|
0-0: Ball Tony Ponce steals 2nd, throwing error, E2 Tony Ponce to third 1-0: Foul Ball, location: 2F 1-1: Foul Ball, location: 2F 1-2: Ground out 5-3 (Groundball, 5, EV 86.9 MPH)
|
|
Batting: RHB Orlando Fernandez
|
0-0: Ball 1-0: Ball 2-0: Foul Ball, location: 2F 2-1: Called Strike 2-2: Foul Ball, location: 2F 2-2: Ball 3-2: Base on Balls
|
|
Batting: RHB Dwane Reed
|
0-0: Called Strike 0-1: Ball 1-1: Fielders Choice at 2nd, 6-4 (Groundball, 6, EV 84.4 MPH)
|
| Bottom of the 7th over - 0 runs, 0 hits, 1 error, 2 left on base; Indianapolis 2 - Colorado Springs 0 |
| TOP OF THE 8TH |
|
Indianapolis Indians batting - Pitching for Colorado Springs Sky Sox : RHP Dustin Deemer
|
|
Batting: RHB Kirk Seiffert
|
0-0: Ball 1-0: Foul Ball, location: 2F 1-1: Ball 2-1: Foul Ball, location: 2F 2-2: Ground out 4-3 (Groundball, 4S, EV 86.9 MPH)
|
|
Batting: RHB David Contreras
|
0-0: Ball 1-0: Foul Ball, location: 2F 1-1: Foul Ball, location: 2F 1-2: Strikes out swinging
|
|
Batting: RHB Mike Cochran
|
0-0: Fly out, F7 (Line Drive, 7, EV 96.9 MPH)
|
| Top of the 8th over - 0 runs, 0 hits, 0 errors, 0 left on base; Indianapolis 2 - Colorado Springs 0 |
| BOTTOM OF THE 8TH |
|
Colorado Springs Sky Sox batting - Pitching for Indianapolis Indians : RHP Robby Granados
|
|
Pitching: LHP Matt Huston
|
|
|
Now at 1B: Slamet Pamungkas
|
|
|
Batting: RHB Fu-Kang Duan
|
0-0: Called Strike 0-1: Ball 1-1: Fly out, F4 (Popup, 4D, EV 73.1 MPH)
|
|
Batting: RHB Colin Lord
|
0-0: Foul Ball, location: 2F 0-1: Called Strike 0-2: Ball 1-2: DOUBLE (Groundball, 5L, EV 110.0 MPH)
|
|
Batting: RHB Kennet Strijbis
|
0-0: Ball 1-0: SINGLE (Groundball, 56D, EV 103.1 MPH) Colin Lord to third Runner from 3rd tries for Home, SAFE, throw by LF to home
|
|
Batting: RHB George Lundy
|
0-0: Ground out 5-3 (Groundball, 56S, EV 88.1 MPH) Kennet Strijbis to second
|
|
Batting: LHB Tony Ponce
|
0-0: Swinging Strike 0-1: Ball 1-1: Ball 2-1: Foul Ball, location: 2F 2-2: Ground out 4-3 (Groundball, 4, EV 88.8 MPH)
|
| Bottom of the 8th over - 1 run, 2 hits, 0 errors, 1 left on base; Indianapolis 2 - Colorado Springs 1 |
| TOP OF THE 9TH |
|
Indianapolis Indians batting - Pitching for Colorado Springs Sky Sox : RHP Dustin Deemer
|
|
Pitching: RHP Edward Cadenhead
|
|
|
Batting: LHB Pat Sutton
|
0-0: Foul Ball, location: 2F 0-1: Fly out, F8 (Flyball, 89D, EV 100.6 MPH)
|
|
Batting: LHB Marc Carter
|
0-0: Ground out 4-3 (Groundball, 4, EV 101.3 MPH)
|
|
Batting: RHB Bubba Tierney
|
0-0: Fly out, F9 (Flyball, 89M, EV 85.0 MPH)
|
| Top of the 9th over - 0 runs, 0 hits, 0 errors, 0 left on base; Indianapolis 2 - Colorado Springs 1 |
| BOTTOM OF THE 9TH |
|
Colorado Springs Sky Sox batting - Pitching for Indianapolis Indians : LHP Matt Huston
|
|
Pitching: RHP Kody Mason
|
|
|
Now in LF: Danny Gallegos
|
|
|
Batting: RHB Devine Adams
|
0-0: Foul Ball, location: 2F 0-1: Ground out 4-3 (Groundball, 13, EV 77.5 MPH)
|
|
Batting: RHB Bobby Bowman
|
0-0: Foul Ball, location: 2F 0-1: Foul Ball, location: 2F 0-2: Ball 1-2: Strikes out swinging
|
|
Batting: RHB Orlando Fernandez
|
0-0: Ball 1-0: Ball 2-0: Foul Ball, location: 2F 2-1: Ground out 6-3 (Groundball, 56, EV 98.1 MPH)
|
| Bottom of the 9th over - 0 runs, 0 hits, 0 errors, 0 left on base; Indianapolis 2 - Colorado Springs 1 |
|